Map: Deathaura LE

Players

DnS

  • Race: Protoss Protoss
  • Spawn Location: 5:00

SKillous - Winner!

  • Race: Protoss Protoss
  • League: Grandmaster
  • Spawn Location: 11:00

Event: DreamHack SC2 Masters 2020 Winter

VOD

Have the link to the VOD?

Description

Time

  • Played on: Oct. 21, 2020, 2:49 p.m.
  • Length: 20:03

All games in this series

Show
View Real Time Build Order
Export as new Build Order

DnS Protoss 

Build Orders: Phoenix Opening, Proxy Void Ray 

Get SALT Encoding   

  12  0:00  Probe  
  13  0:12  Probe  
  14  0:16  Pylon  
  14  0:24  Probe (Chrono Boost)  
  16  0:36  Gateway, Probe (Chrono Boost)  
  16  0:43  Probe (Chrono Boost)  
  16  0:45  Assimilator  
  17  0:51  Probe  
  18  0:58  Assimilator  
  18  1:03  Probe (Chrono Boost)  
  19  1:08  Gateway  
  20  1:12  Probe (Chrono Boost)  
  20  1:17  Probe (Chrono Boost)  
  20  1:24  Cybernetics Core  
  21  1:29  Probe  
  22  1:35  Pylon  
  22  1:41  Probe  
  23  1:53  Probe  
  24  2:00  Stalker  
  28  2:01  Sentry  
  28  2:02  Warp Gate  
  28  2:05  Probe  
  29  2:09  Pylon  
  29  2:17  Shield Battery  
  29  2:23  Pylon  
  29  2:28  Stalker  
  31  2:35  Phoenix  
  31  2:39  Stargate  
  31  2:57  Nexus  
  31  3:05  Shield Battery  
  31  3:07  Probe  
  32  3:14  Stalker  
  34  3:20  Probe  
  35  3:27  Void Ray (Chrono Boost)  
  39  3:40  Pylon  
  39  3:56  Pylon  
  39  3:58  Probe, Void Ray  
  42  4:10  Probe (Chrono Boost)  
  42  4:11  Sentry  
  42  4:13  Probe (Chrono Boost)  
  46  4:21  Probe (Chrono Boost)  
  46  4:23  Pylon, Probe (Chrono Boost)  
  48  4:26  Probe (Chrono Boost)  
  48  4:28  Probe (Chrono Boost)  
  50  4:31  Robotics Facility  
  50  4:34  Phoenix  
  51  4:40  Assimilator, Probe (Chrono Boost)  
  51  4:42  Probe (Chrono Boost)  
  52  4:47  Probe (Chrono Boost)  
  52  4:48  Void Ray  
  52  4:49  Probe (Chrono Boost)  
  54  4:55  Probe  
  59  5:00  Probe  
  59  5:04  Assimilator  
  61  5:07  Probe  
  61  5:11  Stargate  
  62  5:15  Probe (Chrono Boost)  
  62  5:19  Probe (Chrono Boost)  
  63  5:27  Observer  
  63  5:28  Probe (Chrono Boost)  
  66  5:29  Probe (Chrono Boost)  
  66  5:36  Probe  
  66  5:38  Nexus  
  66  5:39  Probe  
  66  5:41  Observer  
  66  5:42  Pylon  
  68  5:44  Void Ray  
  68  5:50  Immortal (Chrono Boost)  
  68  5:54  Probe  
  77  6:03  Probe  
  78  6:05  Void Ray  
  78  6:07  Probe  
  77  6:14  Shield Battery  
  77  6:16  Probe  
  77  6:17  Shield Battery  
  82  6:19  Probe  
  82  6:25  Stalker  
  85  6:28  Probe  
  86  6:34  Pylon  
  86  6:40  Pylon  
  86  6:45  Void Ray  
  86  6:49  Void Ray, Immortal (Chrono Boost)  
  86  6:52  Probe x2 (Chrono Boost)  
  96  6:54  Probe (Chrono Boost)  
  101  7:04  Probe (Chrono Boost)  
  101  7:05  Probe (Chrono Boost)  
  101  7:06  Probe (Chrono Boost)  
  103  7:09  Probe (Chrono Boost)  
  103  7:13  Probe  
  103  7:14  Pylon, Probe  
  106  7:19  Immortal (Chrono Boost)  
  106  7:20  Probe  
  111  7:23  Assimilator  
  111  7:25  Assimilator  
  111  7:26  Probe x2  
  113  7:32  Probe  
  113  7:35  Shield Battery  
  114  7:37  Void Ray x2 (Chrono Boost)  
  114  7:38  Probe  
  114  7:40  Shield Battery  
  115  7:45  Probe x2  
  125  7:53  Robotics Bay  
  125  7:54  Shield Battery  
  125  7:56  Probe  
  125  7:59  Shield Battery  
  125  8:01  Shield Battery, Protoss Air Weapons Level 1 (Chrono Boost)  
  125  8:02  Pylon  
  125  8:03  Forge  
  125  8:08  Pylon  
  125  8:10  Pylon  
  125  8:13  Pylon  
  125  8:15  Void Ray  
  125  8:20  Probe, Void Ray  
  125  8:22  Shield Battery  
  134  8:37  Disruptor (Chrono Boost)  
  134  8:39  Photon Cannon  
  137  8:46  Stargate  
  137  8:58  Stalker x2  
  138  9:08  Disruptor  
  148  9:16  Fleet Beacon  
  148  9:18  Photon Cannon  
  148  9:20  Photon Cannon  
  148  9:21  Photon Cannon  
  148  9:25  Pylon  
  148  9:38  Photon Cannon  
  147  9:39  Photon Cannon  
  147  9:41  Photon Cannon  
  135  9:46  Disruptor  
  136  9:52  Photon Cannon  
  136  9:57  Photon Cannon  
  136  9:58  Shield Battery  
  136  9:59  Carrier x3 (Chrono Boost)  
  136  10:01  Pylon  
  154  10:12  Photon Cannon x2, Sentry  
  156  10:31  Protoss Air Weapons Level 2 (Chrono Boost)  
  156  10:38  Nexus  
  156  10:40  Disruptor  
  156  10:41  Pylon  
  159  10:51  Nexus, Carrier x2 (Chrono Boost)  
  169  10:59  Shield Battery  
  169  11:01  Photon Cannon  
  169  11:03  Shield Battery  
  169  11:33  Nexus  
  169  11:37  Shield Battery  
  169  11:39  Photon Cannon  
  169  11:55  Protoss Shields Level 1  
  169  11:56  Pylon x2  
  169  11:57  Pylon, Stargate  
  187  12:17  Tempest x2 (Chrono Boost)  
  184  12:24  Shield Battery  
  184  12:25  Shield Battery  
  184  12:27  Tempest (Chrono Boost)  
  184  12:33  Shield Battery  
  184  12:35  Zealot  
  184  12:37  Assimilator  
  186  12:39  Assimilator  
  186  12:41  Tempest  
  191  12:50  Protoss Air Weapons Level 3 (Chrono Boost)  
  191  12:56  Tempest x2  
  196  13:04  Pylon  
  192  13:12  Tempest (Chrono Boost)  
  192  13:39  Flux Vanes  
  182  13:45  Tempest (Chrono Boost)  
  187  13:49  Tempest (Chrono Boost)  
  192  13:59  Tempest (Chrono Boost)  
  192  14:00  Tempest (Chrono Boost)  
  187  14:17  Tempest (Chrono Boost)  
  187  14:18  Nexus  
  187  14:22  Tempest (Chrono Boost)  
  197  14:26  Assimilator  
  197  14:29  Assimilator  
  197  14:32  Pylon x2  
  197  14:35  Pylon  
  197  14:38  Stargate  
  197  14:40  Observer  
  195  14:50  Oracle  
  195  14:51  Photon Cannon  
  196  14:53  Photon Cannon  
  196  14:56  Photon Cannon  
  196  15:01  Observer  
  191  15:09  Photon Cannon  
  191  15:11  Photon Cannon  
  191  15:13  Tempest  
  191  15:14  Photon Cannon, Tempest  
  196  15:15  Shield Battery  
  188  15:27  Tempest, Oracle  
  192  15:42  Tempest  
  177  16:06  Tempest x2 (Chrono Boost)  
  177  16:09  Tempest (Chrono Boost)  
  163  16:24  Tempest (Chrono Boost)  
  153  16:26  Tempest (Chrono Boost)  
  136  16:46  Tempest x2 (Chrono Boost)  
  139  16:53  Tempest (Chrono Boost)  
  145  17:01  Tempest  
  145  17:04  Nexus  
  142  17:10  Tempest  
  147  17:19  Stalker x2  
  150  17:29  Tempest x2  
  147  17:41  Tempest  
  146  17:53  Adept x2  
  146  17:58  Shield Battery  
  150  17:59  Nexus  
  147  18:41  Tempest x3  
  134  18:46  Probe  
  145  18:50  Shield Battery  
  122  19:21  Tempest (Chrono Boost)  
  122  19:22  Tempest (Chrono Boost)  
  122  19:23  Disruptor  
Show
View Real Time Build Order
Export as new Build Order

SKillous Protoss - Winner!

Build Orders: Oracle Opening 

Get SALT Encoding   

  12  0:00  Probe  
  13  0:12  Probe  
  14  0:18  Pylon  
  14  0:24  Probe  
  15  0:37  Probe (Chrono Boost)  
  15  0:38  Gateway  
  16  0:47  Assimilator  
  16  0:48  Probe (Chrono Boost)  
  17  0:52  Probe (Chrono Boost)  
  17  0:55  Assimilator  
  18  1:03  Probe (Chrono Boost)  
  19  1:11  Gateway  
  19  1:13  Probe (Chrono Boost)  
  19  1:18  Probe (Chrono Boost)  
  20  1:25  Cybernetics Core  
  21  1:30  Probe  
  22  1:34  Pylon  
  22  1:42  Probe  
  23  1:54  Probe  
  24  2:02  Stalker x2, Warp Gate  
  28  2:11  Pylon  
  28  2:32  Stalker x2  
  31  2:39  Stargate  
  31  3:01  Nexus  
  31  3:03  Probe  
  32  3:13  Void Ray (Chrono Boost)  
  32  3:15  Probe  
  37  3:27  Pylon  
  37  3:29  Probe  
  38  3:41  Probe  
  39  3:46  Oracle (Chrono Boost)  
  39  3:53  Probe  
  43  4:03  Twilight Council  
  43  4:04  Shield Battery  
  43  4:06  Probe (Chrono Boost)  
  42  4:13  Probe (Chrono Boost)  
  43  4:19  Probe (Chrono Boost)  
  43  4:23  Probe (Chrono Boost)  
  45  4:24  Forge  
  45  4:27  Probe (Chrono Boost)  
  45  4:29  Probe (Chrono Boost)  
  47  4:35  Probe, Sentry  
  50  4:39  Probe  
  50  4:41  Blink  
  51  4:48  Probe  
  51  4:52  Probe  
  53  4:53  Protoss Ground Weapons Level 1 (Chrono Boost)  
  53  5:00  Probe  
  53  5:05  Nexus  
  53  5:06  Probe  
  55  5:12  Probe (Chrono Boost)  
  56  5:15  Pylon  
  56  5:18  Probe (Chrono Boost)  
  57  5:23  Assimilator  
  57  5:26  Gateway  
  59  5:30  Probe x2 (Chrono Boost)  
  59  5:35  Probe (Chrono Boost)  
  59  5:36  Gateway  
  59  5:37  Probe (Chrono Boost)  
  61  5:44  Probe  
  61  5:47  Stalker x2  
  61  5:48  Probe  
  61  5:49  Pylon  
  67  5:53  Pylon  
  67  5:56  Probe  
  68  5:59  Gateway  
  68  6:00  Probe  
  68  6:01  Gateway  
  69  6:09  Probe (Chrono Boost)  
  70  6:15  Probe (Chrono Boost)  
  71  6:19  Probe (Chrono Boost)  
  74  6:26  Stalker x3, Probe (Chrono Boost)  
  74  6:28  Probe (Chrono Boost)  
  74  6:29  Probe (Chrono Boost)  
  82  6:33  Gateway, Probe x2 (Chrono Boost)  
  82  6:35  Gateway  
  82  6:36  Probe  
  84  6:40  Protoss Ground Weapons Level 2 (Chrono Boost)  
  86  6:48  Charge  
  86  6:49  Probe  
  86  6:52  Assimilator  
  85  6:55  Nexus  
  85  6:57  Pylon  
  85  6:58  Probe  
  86  7:02  Probe x2  
  88  7:09  Stalker x3  
  88  7:10  Probe  
  95  7:16  Pylon, Probe  
  95  7:17  Pylon, Probe  
  95  7:20  Photon Cannon  
  97  7:24  Stalker  
  97  7:26  Stalker  
  97  7:28  Probe  
  97  7:29  Probe  
  101  7:38  Stalker  
  101  7:39  Stalker x3  
  101  7:43  Pylon, Probe  
  110  7:44  Probe  
  110  7:49  Stargate  
  114  7:59  Nexus, Probe (Chrono Boost)  
  114  8:01  Pylon  
  114  8:04  Probe x2 (Chrono Boost)  
  114  8:07  Zealot, Probe (Chrono Boost)  
  117  8:16  Probe (Chrono Boost)  
  117  8:17  Probe x3 (Chrono Boost)  
  121  8:20  Stalker x3  
  121  8:21  Probe (Chrono Boost)  
  121  8:25  Probe x3  
  129  8:33  Zealot x3, Probe  
  136  8:34  Protoss Air Weapons Level 1 (Chrono Boost)  
  136  8:37  Probe x2  
  136  8:38  Probe  
  136  8:40  Photon Cannon  
  139  8:44  Assimilator  
  139  8:45  Assimilator, Photon Cannon  
  139  8:47  Probe  
  140  8:49  Probe  
  140  8:51  Probe  
  142  8:59  Probe  
  137  9:06  Templar Archives  
  137  9:07  Zealot x8  
  153  9:13  Probe  
  153  9:14  Probe  
  153  9:15  Protoss Ground Weapons Level 3 (Chrono Boost), Probe  
  156  9:25  Stargate  
  156  9:29  Stargate  
  156  9:30  Assimilator, Probe  
  157  9:31  Photon Cannon  
  157  9:33  Assimilator  
  157  9:40  Zealot x7  
  171  9:46  Pylon  
  171  9:48  Pylon  
  171  9:50  Cybernetics Core  
  170  9:58  Pylon  
  167  10:00  Zealot x2  
  167  10:02  Pylon  
  167  10:04  Pylon  
  167  10:05  Stargate  
  171  10:13  Photon Cannon  
  171  10:14  Pylon  
  171  10:17  Fleet Beacon  
  171  10:21  Zealot x8  
  187  10:35  Protoss Air Armor Level 1 (Chrono Boost)  
  187  10:36  Dark Shrine  
  187  10:45  Pylon  
  179  10:55  Shield Battery x2  
  179  10:58  Shield Battery  
  179  10:59  Shield Battery  
  179  11:00  Tempest (Chrono Boost), Shield Battery x2  
  179  11:01  Shield Battery  
  179  11:03  Tempest x2 (Chrono Boost), Shield Battery  
  199  11:07  Shield Battery  
  199  11:10  Shield Battery x2  
  197  11:12  Shield Battery  
  197  11:13  Shield Battery  
  197  11:16  Tempest (Chrono Boost), Protoss Air Weapons Level 2 (Chrono Boost)  
  190  11:23  Assimilator x2  
  174  11:26  Nexus  
  174  11:27  Tempest (Chrono Boost)  
  174  11:28  Pylon  
  174  11:29  Pylon  
  172  11:35  Tempest x2 (Chrono Boost)  
  172  11:36  Mothership (Chrono Boost), Robotics Facility  
  172  11:37  Tempest (Chrono Boost)  
  195  11:45  Photon Cannon  
  195  11:46  Photon Cannon, Oracle  
  194  12:11  Photon Cannon  
  194  12:13  Photon Cannon x2, Stalker x2  
  194  12:14  Stalker x2  
  193  12:22  Tempest  
  198  12:28  Pylon  
  198  12:31  Protoss Shields Level 1  
  198  12:39  Pylon  
  198  12:41  Nexus  
  198  12:42  Pylon  
  198  12:48  Protoss Air Armor Level 2  
  199  13:20  Observer  
  199  13:21  Photon Cannon  
  199  13:23  Photon Cannon x2  
  199  13:26  Photon Cannon  
  199  13:27  Unknown  
  199  13:30  Unknown  
  180  13:42  Tempest (Chrono Boost)  
  161  13:49  Tempest (Chrono Boost)  
  161  13:50  Tempest (Chrono Boost)  
  161  13:53  Shield Battery  
  161  13:54  Shield Battery  
  161  13:55  Shield Battery  
  181  13:56  Shield Battery  
  181  13:57  Shield Battery  
  181  13:58  Shield Battery  
  181  13:59  Tempest (Chrono Boost)  
  181  14:03  Tempest (Chrono Boost)  
  181  14:06  Assimilator  
  181  14:09  Assimilator  
  181  14:10  Flux Vanes, Unknown  
  181  14:11  Observer  
  181  14:14  Tempest (Chrono Boost)  
  187  14:20  Dark Templar  
  187  14:21  Tempest  
  187  14:23  Tempest  
  199  14:26  Shield Battery  
  199  14:27  Shield Battery  
  199  14:29  Shield Battery  
  199  14:30  Pylon  
  196  14:48  Oracle  
  194  15:43  Tempest  
  199  15:50  Nexus  
  199  15:51  Pylon  
  188  16:05  Tempest x2, Oracle  
  188  16:09  Mothership  
  177  16:19  Stalker x8  
  177  16:23  Tempest (Chrono Boost)  
  178  16:26  Tempest (Chrono Boost)  
  155  16:42  Tempest (Chrono Boost)  
  155  16:46  Tempest (Chrono Boost), Zealot x3  
  161  16:47  Zealot x5  
  161  16:48  Gateway x2  
  161  16:50  Gateway  
  181  16:54  Gateway  
  181  16:55  Gateway, Tempest (Chrono Boost)  
  181  16:57  Gateway  
  177  17:06  Tempest (Chrono Boost)  
  185  17:19  Zealot  
  185  17:20  Zealot x4  
  200  17:26  Nexus  
  193  17:31  Pylon  
  181  17:37  Pylon  
  167  17:47  Stalker  
  167  17:50  Stalker x6  
  167  17:51  Stalker x6  
  179  17:53  Observer  
  179  17:56  Shield Battery  
  179  17:58  Shield Battery  
  184  17:59  Shield Battery  
  184  18:00  Shield Battery  
  184  18:02  Stalker  
  184  18:04  Shield Battery x2  
  184  18:05  Shield Battery  
  186  18:07  Shield Battery  
  186  18:10  Pylon  
  186  18:11  Gateway  
  186  18:21  Nexus  
  186  18:22  Pylon  
  180  18:31  Stalker x2  
  180  18:32  Stalker x9  
  180  18:33  Stalker x3  
  191  18:44  Unknown  
  191  18:47  Unknown  
  191  18:49  Pylon  
  191  18:55  Stalker x7  
  199  18:57  Shield Battery  
  199  18:59  Shield Battery  
  199  19:01  Dark Templar x2  
  199  19:02  Dark Templar  
  185  19:25  Dark Templar x7  
  174  19:53  Stalker x8  
Tags
 
Add a new tag
Caveats
  • Supply blocks, unpowered buildings, or Contaminate may cause inaccurate times.
  • Supply counts are checked every 10 seconds.